 Dungeon Crawl Stone Soup version 0.30-a0-737-gf23d94013f (webtiles) character file.

Game seed: 8409749281392853222

1794 PyroL the Grappler (level 8, -2/83 HPs)
             Began as a Troll Fighter on Jan 28, 2023.
             Was an Elder of Cheibriados.
             Slain by an ogre
             ... wielding a +0 giant club
              (29 damage)
             ... on level 7 of the Dungeon on Feb 3, 2023.
             The game lasted 00:11:00 (4702 turns).

PyroL the Grappler (Troll Fighter)                  Turns: 4702, Time: 00:11:00

Health: -2/83      AC: 11    Str: 36    XL:     8   Next: 82%
Magic:  0/7        EV:  9    Int: 13    God:    Cheibriados [****..]
Gold:   312        SH:  9    Dex: 18    Spells: 7/7 levels left

rFire   . . .      SeeInvis .      - Unarmed
rCold   . . .      Faith    .    b - +0 kite shield
rNeg    . . .      Spirit   +    a - +0 robe
rPois   .          Reflect  .    (helmet restricted)
rElec   .          Harm     .    t - +2 cloak
rCorr   .          Rampage  .    (gloves unavailable)
Will    .....                    (boots unavailable)
Stlth   ++                       d - amulet of guardian spirit
HPRegen 1.13/turn                p - +4 ring of protection
MPRegen 0.10/turn                (no ring)

@: very slow
A: large, unfitting armour, claws 3, regeneration 1, shaggy fur 1, tough skin 1
a: Renounce Religion, Bend Time, Temporal Distortion, Slouch


You were on level 7 of the Dungeon.
You worshipped Cheibriados.
Cheibriados was greatly pleased with you.
You visited 1 branch of the dungeon, and saw 7 of its levels.

You collected 367 gold pieces.
You spent 55 gold pieces at shops.

Inventory:

Hand Weapons
 m - a +2 short sword of venom
Armour
 a - a +0 robe (worn)
 b - a +0 kite shield (worn)
 t - a +2 cloak (worn)
Jewellery
 d - an amulet of guardian spirit (around neck)
 p - a +4 ring of protection (left claw)
Wands
 w - a wand of digging (9)
Scrolls
 f - a scroll of acquirement {unknown}
 j - a scroll of magic mapping {unknown}
 k - 2 scrolls of teleportation {unknown}
 l - 2 scrolls of vulnerability {unknown}
 r - 2 scrolls of blinking {unknown}
 s - 3 scrolls of identify {unknown}
 u - 2 scrolls of butterflies {unknown}
 v - a scroll of amnesia
 x - a scroll of poison {unknown}
 y - a scroll of enchant armour {unknown}
 A - a scroll of silence {unknown}
Potions
 c - a potion of might
 e - a potion of cancellation {unknown}
 g - 2 potions of brilliance {unknown}
 h - 8 potions of curing {unknown}
 i - a potion of attraction {unknown}
 n - 2 potions of heal wounds
 o - a potion of lignification {unknown}
 q - 2 potions of berserk rage {unknown}
 z - a potion of degeneration {unknown}


   Skills:
 + Level 6.0 Fighting
 - Level 2.4 Dodging
 - Level 2.6 Shields
 * Level 9.6 Unarmed Combat


You had 7 spell levels left.
You didn't know any spells.
Your spell library contained the following spells:

 Spells                   Type           Power      Damage    Failure   Level
 Blink                    Tloc           0%         N/A       75%         2
 Ensorcelled Hibernation  Hex/Ice        0%         N/A       75%         2
 Lesser Beckoning         Tloc           0%         N/A       75%         2
 Momentum Strike          Conj/Tloc      0%         3d8       75%         2
 Spider Form              Tmut/Pois      0%         N/A       92%         3
 Anguish                  Hex/Necr       0%         N/A       100%        4
 Summon Lightning Spire   Summ/Air       0%         N/A       100%        4
 Storm Form               Tmut/Air       0%         N/A       100%        7
 Maxwell's Capacitive Co  Air            0%         ∞         100%        8


Dungeon Overview and Level Annotations

Branches:
Dungeon (7/15)             Temple (0/1) D:7

Altars:
Cheibriados
Dithmenos
Hepliaklqana
Kikubaaqudgha
Sif Muna
Vehumet
Xom
Zin

Shops:
D:2 !


Innate Abilities, Weirdness & Mutations

You are too large for most types of armour.
You have claws for hands.
Your natural rate of healing is unusually fast.
You are covered in fur. (AC +1)
You have tough skin. (AC +1)


Message History

The orc priest shouts!
A water moccasin comes into view.
The orc priest invokes the aid of Beogh against you.
Beogh smites you! You block the orc's attack.
The orc hits you with a +0 short sword.
The orc priest looks braver for a moment.
The orc closely misses you.
You barely miss the orc. You block the orc's attack.
The orc closely misses you.
You scratch the ogre but do no damage. The orc hits you but does no damage.
The ogre hits you with a +0 giant club!!
You block the orc's attack. The orc hits you but does no damage.
The orc hits you but does no damage. The ogre barely misses you.
The ogre attacks as you move away!
The ogre hits you with a +0 giant club!!
* * * LOW HITPOINT WARNING * * *
The orc attacks as you move away! You block the orc's attack.
The orc hits you with a +0 short sword.
* * * LOW HITPOINT WARNING * * *
The orc priest calls down the wrath of Beogh upon you.
Beogh smites you!
* * * LOW HITPOINT WARNING * * *
The water moccasin hisses angrily.
Okay, then.
You block the orc's attack.
The orc priest looks satisfied for a moment.
The orc attacks as you move away! You block the orc's attack.
The orc priest looks braver for a moment.
The orc attacks as you move away! The orc barely misses you.
The orc closely misses you. You block the ogre's attack.
The ogre attacks as you move away! You block the ogre's attack.
The orc attacks as you move away! The orc hits you but does no damage.
The orc closely misses you.
You claw the orc!
You kill the orc!
Cheibriados appreciates the change of pace.
You scratch the ogre but do no damage.
The ogre hits you with a +0 giant club!!
You die...

+.....#...... ###
#[....S..... #..
#.........# #.#
#.?....##.##.# #.#
.......#........# #..
.#########S.#.##. #..
............#.##.###..
.#########S...#.##......
.......@Oo.#.>...#......
#########o.#.##..#......
#....##.........
####>.#....###.....
........##.# #.....
####.#..##.# #.....
#....##.# #.....
#.#.###)####..##
.........#.....#


You could see a water moccasin, an ogre, an orc priest and an orc.

Vanquished Creatures
  A wyvern (D:7)
  Duvessa (D:6)
  A phantom (D:6)
  2 kobold brigands
  A bullfrog (D:7)
  A necrophage (D:6)
  3 wights (D:6)
  Dowan (D:6)
  6 killer bees (D:7)
  3 electric eels (D:6)
  3 hounds (D:6)
  4 jellies
  Jessica (D:2)
  3 iguanas
  15 gnolls
  3 adders
  A shadow imp (D:3)
  2 worms
  9 orcs
  6 ball pythons
  2 endoplasms
  2 giant cockroaches (D:4)
  4 goblins
  5 hobgoblins
  2 quokkas (D:1)
  4 bats
  4 frilled lizards
  50 kobolds
  8 rats
148 creatures vanquished.

Vanquished Creatures (others)
  An iguana (D:6)
  4 plants (D:2)
5 creatures vanquished.

Grand Total: 153 creatures vanquished

Notes
Turn   | Place    | Note
-------+----------+-------------------------------------------
     0 | D:1      | PyroL the Troll Fighter began the quest for the Orb.
     0 | D:1      | Reached XP level 1. HP: 22/22 MP: 0/0
   210 | D:1      | Reached XP level 2. HP: 29/29 MP: 1/1
   813 | D:2      | Noticed Jessica
   847 | D:2      | Killed Jessica
   848 | D:2      | Reached skill level 3 in Unarmed Combat
   848 | D:2      | Reached XP level 3. HP: 20/36 MP: 0/2
   931 | D:2      | Identified the +0 leather armour "Rostri Wuff" {Stlth+}
  1178 | D:2      | Found Ystrithiel's Distillery.
  1189 | D:2      | Bought a potion of heal wounds for 55 gold pieces
  1257 | D:3      | Reached XP level 4. HP: 36/45 MP: 1/3
  1322 | D:3      | Found a faded altar of an unknown god.
  1368 | D:3      | Prayed at the altar of an unknown god.
  1368 | D:3      | Became a worshipper of Cheibriados the Contemplative
  1368 | D:3      | Reached * piety under Cheibriados
  1444 | D:3      | Reached skill level 4 in Unarmed Combat
  2177 | D:3      | Reached XP level 5. HP: 28/53 MP: 1/4
  2356 | D:4      | Reached ** piety under Cheibriados
  2602 | D:4      | Found a radiant altar of Vehumet.
  2605 | D:4      | Found a hazy altar of Hepliaklqana.
  2608 | D:4      | Found an ancient bone altar of Kikubaaqudgha.
  2611 | D:4      | Found a shimmering altar of Xom.
  3031 | D:5      | Entered Level 5 of the Dungeon
  3070 | D:5      | Reached skill level 5 in Unarmed Combat
  3092 | D:5      | You fall into a shaft and drop 1 floor!
  3103 | D:6      | Noticed Duvessa
  3113 | D:6      | Killed Duvessa
  3114 | D:6      | Reached XP level 6. HP: 45/62 MP: 0/5
  3127 | D:6      | Noticed Dowan
  3145 | D:6      | Killed Dowan
  3152 | D:6      | Upgraded the game from 0.30-a0-723-gc1506a1cf0 to
                  | 0.30-a0-737-gf23d94013f
  3221 | D:6      | Reached skill level 6 in Unarmed Combat
  3300 | D:6      | Reached XP level 7. HP: 47/70 MP: 2/6
  3325 | D:6      | Reached *** piety under Cheibriados
  3453 | D:6      | Reached skill level 7 in Unarmed Combat
  3727 | D:6      | Reached skill level 5 in Fighting
  3817 | D:6      | Reached XP level 8. HP: 80/80 MP: 5/7
  3908 | D:6      | Reached skill level 8 in Unarmed Combat
  3979 | D:6      | Reached **** piety under Cheibriados
  4173 | D:6      | Found a glowing silver altar of Zin.
  4176 | D:6      | Found a shimmering blue altar of Sif Muna.
  4178 | D:6      | Found a shadowy altar of Dithmenos.
  4532 | D:7      | Reached skill level 9 in Unarmed Combat
  4648 | D:7      | Found a staircase to the Ecumenical Temple.
  4702 | D:7      | Slain by an ogre

Illustrated notes

Levels and vault maps discovered:
D:1:      lemuel_arrival_funnel, layout_loops_ring, nicolae_figureground_pulse
D:2:      layout_basic, serial_shops, nicolae_lakefront_shop,
          serial_bayou_pond_c, uniq_jessica
D:3:      minmay_inner_zag, layout_basic, chequers_ecumenical_altar_island
D:4:      layout_basic, grunt_temple_overflow_cloverleaf,
          roderic_cross_of_infinity
D:5:      layout_rooms
D:6:      minmay_goblin_kobold_castle, layout_loops_ring,
          nicolae_overflow_hidden_temple, glass_columns_a, lemuel_flame_loot_1,
          uniq_duvessa
D:7:      layout_basic, minmay_temple_entry_drinking_statues,
          gammafunk_ghost_grave, kennysheep_nub

Skill      XL: |  1  2  3  4  5  6  7  8 |
---------------+-------------------------+-----
Unarmed Combat | 3 4 5 6 7 9 |  9.6
Fighting       | 3 4 5 6 |  6.0
Dodging        | |  2.4
Shields        | |  2.6

Action                     |  1- 3 |  4- 6 |  7- 9 || total
---------------------------+-------+-------+-------++-------
  Melee: Unarmed           |    61 |   142 |   135 ||   338
 Invoke: Bend Time         |       |     1 |     1 ||     2
    Use: Scroll            |     3 |       |       ||     3
 Armour: Robe              |    16 |    56 |    52 ||   124
  Dodge: Dodged            |    20 |    65 |    61 ||   146
  Block: Kite shield       |    19 |    69 |    71 ||   159

Table legend: (Time is in decaauts)
 A = Elapsed time spent in this place.
 B = Non-inter-level travel time spent in this place.
 C = Inter-level travel time spent in this place.
 D = Time resting spent in this place.
 E = Time spent auto-exploring this place.
 F = Levels seen in this place.
 G = Mean time per level.
                   A        B        C        D        E       F      G
               +--------+--------+--------+--------+--------+-----+--------+
         Total |   6187 |   6026 |    161 |    103 |   4864 |   7 |  883.9 |
       Dungeon |   6187 |   6026 |    161 |    103 |   4864 |   7 |  883.9 |
               +--------+--------+--------+--------+--------+-----+--------+

Top non-repeatable levels by time:
     D:6: 2034 daAuts
     D:4: 1233 daAuts
     D:3: 1179 daAuts
     D:1: 672 daAuts
     D:2: 622 daAuts
     D:7: 359 daAuts
     D:5: 85 daAuts
